 Dungeon Crawl Stone Soup version 0.25.1-2-g60ff931df9 (webtiles) character file.

Game seed: 10157110351811552092

1381 pokeman the Thaumaturge (level 8, -1/43 HPs)
             Began as a Deep Elf Wizard on Nov 9, 2020.
             Was an Initiate of Vehumet.
             Killed by divine providence
             ... invoked by an orc priest
              (11 damage)
             ... on level 6 of the Dungeon.
             The game lasted 00:15:42 (7450 turns).

pokeman the Thaumaturge (Deep Elf Wizard)           Turns: 7450, Time: 00:15:43

Health: -1/43      AC:  4    Str:  4    XL:     8   Next: 39%
Magic:  20/32      EV: 12    Int: 26    God:    Vehumet [......]
Gold:   253        SH:  0    Dex: 12    Spells: 15/26 levels left

rFire    . . .     SeeInvis .   j - +1 dagger (drain)
rCold    . . .     Gourm    .   (no shield)
rNeg     . . .     Faith    .   e - +0 leather armour
rPois    .         Spirit   .   b - +0 hat
rElec    .         Reflect  .   (no cloak)
rCorr    .         Harm     .   l - +0 pair of gloves {Dex+3}
MR       .....                  (no boots)
Stlth    ++........             (no amulet)
HPRegen  0.14/turn              u - ring of magical power
MPRegen  0.23/turn              y - -4 ring of dexterity (curse)

@: very slightly contaminated
A: no striking features
a: Renounce Religion


You were on level 6 of the Dungeon.
You worshipped Vehumet.
Vehumet was noncommittal.
You were very hungry.

You visited 2 branches of the dungeon, and saw 7 of its levels.
You also visited: Ossuary.

You collected 253 gold pieces.

Inventory:

Hand Weapons
 j - a +1 dagger of draining (weapon)
Missiles
 w - 19 bolts
Armour
 b - a +0 hat (worn)
 e - a +0 leather armour (worn)
 l - a +0 pair of gloves of dexterity (worn)
 t - a +0 buckler
Jewellery
 u - a ring of magical power (left hand)
 y - a cursed -4 ring of dexterity (right hand)
Wands
 E - a wand of polymorph (7)
Scrolls
 a - 2 scrolls of amnesia {unknown}
 c - 6 scrolls of identify {unknown}
 f - 3 scrolls of blinking {unknown}
 g - 2 scrolls of fog {unknown}
 h - 5 scrolls of teleportation {unknown}
 m - 4 scrolls of immolation {unknown}
 n - 3 scrolls of magic mapping {unknown}
 s - 4 scrolls of remove curse {unknown}
 x - 2 scrolls of enchant armour {unknown}
 A - 2 scrolls of fear {unknown}
 D - a scroll of noise {unknown}
Potions
 i - 2 potions of flight {unknown}
 k - 2 potions of invisibility {unknown}
 o - 3 potions of degeneration {unknown}
 p - 3 potions of heal wounds {unknown}
 q - 2 potions of might
 r - a potion of haste {unknown}
 v - 2 potions of lignification {unknown}
 z - 2 potions of curing {unknown}
 B - 3 potions of brilliance {unknown}
 C - a potion of mutation {unknown}
Comestibles
 d - 8 rations


   Skills:
 - Level 1.1 Fighting
 - Level 1.0 Armour
 - Level 3.0 Dodging
 - Level 4.0 Stealth
 + Level 2.8 Shields
 * Level 9.6 Spellcasting
 + Level 5.0 Conjurations
 - Level 1.1 Summonings
 - Level 1.1 Translocations
 + Level 3.0 Fire Magic
 - Level 1.1 Air Magic
 - Level 1.2 Poison Magic


You had 15 spell levels left.
You knew the following spells:

 Your Spells              Type           Power        Failure   Level  Hunger
a - Magic Dart            Conj           ####         1%          1    None
b - Mephitic Cloud        Conj/Pois/Air  ####....     9%          3    None
c - Call Imp              Summ           ###.....     8%          2    None
d - Blink                 Tloc           N/A          8%          2    None
e - Conjure Flame         Conj/Fire      ####....     4%          3    None

Your spell library contained the following spells:

 Spells                   Type           Power        Failure   Level  Hunger
 Slow                     Hex            ##......     13%         2    None


Dungeon Overview and Level Annotations

Branches:
Dungeon (6/15)             Temple (1/1) D:5         Ossuary (visited)

Altars:
Cheibriados
Dithmenos
Elyvilon
Gozag
Kikubaaqudgha
Makhleb
Nemelex Xobeh
Trog
Uskayaw
Vehumet
Wu Jian
Yredelemnul
The Shining One


Message History

Aiming: Mephitic Cloud (dangerous; 9% risk of failure)
Press: ? - help, Shift-Dir - straight line, f - gnoll, p - orc priest
Aim: a gnoll, wielding a +0 spear The ball explodes into a vile cloud!
The stinking cloud engulfs the gnoll but does no damage.
The stinking cloud engulfs the bullfrog skeleton but does no damage.
The orc priest seems less confused.
The bullfrog skeleton is engulfed in blazing flames.
The bullfrog skeleton hits you.
The orc priest hits something with a +0 club.
The gnoll is engulfed in noxious fumes.
The gnoll hits you from afar with a +0 spear.
Unknown command.
Unknown command.
The bullfrog skeleton is engulfed in blazing flames.
The bullfrog skeleton hits you.
* * * LOW HITPOINT WARNING * * *
The orc priest calls down the wrath of Beogh upon you.
Beogh smites you!
You die...

### ##................
#.####.................
##.............#........
###..####.................
#....# ##..#.............
####.# ##.###............
#.# ##..###..........>.
#.###....#.............
#.#.#...@Z○..............
#.....###g..............
#...#####°o.............
##.#####.{g.............
##. #...o..............
#...og........ ...
##.#.......... ...
#o.o......... ...
#.g.o........ ...


You could see an orc priest, a gnoll and a bullfrog skeleton.

Vanquished Creatures
  Menkaure (Ossuary)
  An orc warrior (D:6)
  A phantom (D:4)
  An ogre (D:5)
  A bullfrog (D:6)
  2 crimson imps
  3 orc priests
  4 hounds
  A bullfrog skeleton (D:2)
  9 orc wizards
  Jessica (D:2)
  5 worker ants
  3 mummies (Ossuary)
  9 adders
  3 oozes
  A worm (D:5)
  3 dart slugs
  4 leopard geckos
  16 orcs
  2 giant cockroaches
  2 gnoll zombies (Ossuary)
  7 goblins
  6 hobgoblins
  3 jackals (D:1)
  6 kobolds
  A quokka (D:5)
  4 bats
  4 frilled lizards
  A giant cockroach zombie (D:5)
  3 gnoll skeletons (Ossuary)
  5 goblin skeletons (Ossuary)
  2 goblin zombies (Ossuary)
  A hobgoblin skeleton (Ossuary)
  8 hobgoblin zombies (Ossuary)
  A jackal skeleton (D:5)
  7 kobold skeletons (Ossuary)
  3 kobold zombies (Ossuary)
  A leopard gecko skeleton (D:4)
  4 orc skeletons (Ossuary)
  7 orc zombies (Ossuary)
  4 rats
  5 rat skeletons (Ossuary)
  3 rat zombies (Ossuary)
  A plant (D:4)
160 creatures vanquished.

Notes
Turn   | Place    | Note
-------+----------+-------------------------------------------
     0 | D:1      | pokeman the Deep Elf Wizard began the quest for the Orb.
     0 | D:1      | Reached XP level 1. HP: 10/10 MP: 7/7
   102 | D:1      | Reached XP level 2. HP: 13/15 MP: 3/9
   504 | D:1      | Reached skill level 5 in Spellcasting
   793 | D:1      | Reached XP level 3. HP: 17/20 MP: 5/11
   798 | D:1      | Learned a level 3 spell: Mephitic Cloud
   801 | D:1      | Learned a level 2 spell: Call Imp
   804 | D:1      | Learned a level 2 spell: Blink
   813 | D:1      | Learned a level 3 spell: Conjure Flame
  1210 | D:2      | Found a snail-covered altar of Cheibriados.
  1278 | D:2      | Reached skill level 1 in Armour
  1579 | D:2      | Reached skill level 1 in Fighting
  1579 | D:2      | Reached XP level 4. HP: 25/25 MP: 1/13
  1682 | D:2      | Reached skill level 6 in Spellcasting
  1885 | D:2      | Noticed a +0 hand axe
  1886 | D:2      | Found a hide-covered altar of Uskayaw.
  1886 | D:2      | Noticed a +0 dagger
  1927 | D:2      | Noticed Jessica
  1932 | D:2      | Killed Jessica
  1932 | D:2      | Reached skill level 1 in Fire Magic
  1932 | D:2      | Reached XP level 5. HP: 29/29 MP: 9/15
  3338 | D:4      | Reached skill level 1 in Poison Magic
  3413 | D:4      | Reached skill level 1 in Air Magic
  3418 | D:4      | Reached XP level 6. HP: 25/34 MP: 17/17
  4039 | D:4      | Reached skill level 7 in Spellcasting
  4062 | D:4      | Reached skill level 1 in Shields
  4474 | D:4      | Reached XP level 7. HP: 27/38 MP: 15/20
  5058 | D:5      | Entered Level 5 of the Dungeon
  5073 | D:5      | Reached skill level 8 in Spellcasting
  5158 | D:5      | Found an ancient bone altar of Kikubaaqudgha.
  5319 | D:5      | Found a sand-covered staircase.
  5325 | Ossuary  | Entered an ossuary
  6046 | Ossuary  | Noticed Menkaure
  6050 | Ossuary  | Killed Menkaure
  6093 | Ossuary  | Reached XP level 8. HP: 31/43 MP: 16/22
  6459 | D:5      | Found a staircase to the Ecumenical Temple.
  6468 | Temple   | Entered the Ecumenical Temple
  6524 | Temple   | Became a worshipper of Vehumet
  6748 | D:6      | Reached skill level 9 in Spellcasting
  7175 | D:6      | Reached skill level 5 in Conjurations
  7450 | D:6      | Killed from afar by an orc priest

Illustrated notes

Levels and vault maps discovered:
D:1:      psy_arrival_terrarium, layout_basic, minmay_pentomino_x2
D:2:      layout_loops_ring, dancing_weapons_uskayaw, kennysheep_slug_shrine,
          uniq_jessica
D:3:      minmay_recursive_quarters, layout_basic, first_ration
D:4:      layout_rooms, serial_forest, infiniplex_forest_corner_1,
          infiniplex_forest_join, infiniplex_forest_diagonal,
          infiniplex_forest_lined_corner, infiniplex_forest_corner_1,
          infiniplex_forest_clump_double, infiniplex_forest_zigzag_2,
          infiniplex_forest_clump_C, grunt_decor_cap
D:5:      layout_loops_ring, kiku_gazebo_pond_becter, temple_hall,
          enter_ossuary_2
D:6:      layout_layer_cave
Temple:   eino_temple_scatter_basement

Skill      XL: |  1  2  3  4  5  6  7  8 |
---------------+-------------------------+-----
Spellcasting   | 5 6 7 8 9 |  9.6
Armour         | 1 |  1.0
Conjurations   | 2 3 4 5 |  5.0
Fighting       | 1 |  1.1
Dodging        | 3 |  3.0
Fire Magic     | 1 2 3 |  3.0
Poison Magic   | 1 |  1.2
Air Magic      | 1 |  1.1
Stealth        | 3 4 |  4.0
Shields        | 1 2 |  2.8
Summonings     | |  1.1
Translocations | |  1.1

Action                   |  1- 3 |  4- 6 |  7- 9 || total
-------------------------+-------+-------+-------++-------
Melee: Unarmed           |     4 |       |       ||     4
       Dagger            |       |    10 |   161 ||   171
 Cast: Magic Dart        |    95 |   134 |   247 ||   476
       Conjure Flame     |       |     1 |     4 ||     5
       Mephitic Cloud    |       |     3 |     8 ||    11
       Blink             |       |     1 |       ||     1
 Stab: Sleeping          |       |     1 |       ||     1
       Confused          |       |       |     3 ||     3
  Eat: Chunk             |     1 |     6 |     5 ||    12
       Ration            |       |     1 |     1 ||     2
Armor: Robe              |     4 |       |       ||     4
       Leather armour    |     4 |     8 |     5 ||    17
Dodge: Dodged            |    15 |    27 |    24 ||    66
